Map: Void Training Stage 3

Players

Salvite

  • Race: Protoss Protoss
  • Spawn Location: 6:00

Player 2 - Winner!

  • Race: Protoss Protoss
  • Spawn Location: 12:00

VOD

Have the link to the VOD?

Description

Time

  • Played on: June 2, 2017, 12:13 a.m.
  • Length: 4:32
Show
View Real Time Build Order
Export as new Build Order

Salvite Protoss 

Build Orders:  

Get SALT Encoding   

  12  0:04  Probe (Chrono Boost)  
  13  0:14  Pylon  
  13  0:18  Probe (Chrono Boost)  
  14  0:29  Probe (Chrono Boost)  
  15  0:39  Probe (Chrono Boost)  
  16  0:44  Gateway  
  16  0:48  Pylon  
  16  0:50  Probe (Chrono Boost)  
  17  1:01  Probe (Chrono Boost)  
  18  1:08  Assimilator  
  18  1:12  Probe (Chrono Boost)  
  19  1:20  Pylon  
  19  1:25  Gateway  
  19  1:33  Cybernetics Core  
  19  1:36  Zealot  
  21  1:57  Probe (Chrono Boost)  
  24  2:18  Warp Gate  
  22  2:45  Zealot x2  
  22  2:49  Probe (Chrono Boost)  
  27  2:51  Assimilator  
  27  2:57  Pylon  
  27  3:06  Nexus  
  28  3:27  Probe (Chrono Boost)  
  28  3:39  Probe (Chrono Boost)  
  29  3:42  Gateway  
  29  3:48  Gateway  
  29  3:49  Gateway  
  29  4:08  Gateway  
  29  4:15  Pylon  
  29  4:18  Pylon  
Show
View Real Time Build Order
Export as new Build Order

Player 2 Protoss - Winner!

Build Orders:  

Get SALT Encoding   

  12  0:01  Probe (Chrono Boost)  
  13  0:11  Probe (Chrono Boost)  
  14  0:22  Probe (Chrono Boost), Pylon  
  15  0:40  Probe (Chrono Boost)  
  16  0:46  Assimilator  
  16  0:50  Gateway  
  16  0:51  Probe (Chrono Boost)  
  17  1:01  Probe (Chrono Boost), Pylon  
  18  1:31  Gateway  
  18  1:35  Assimilator  
  18  1:39  Zealot  
  18  1:40  Cybernetics Core  
  20  2:05  Zealot  
  22  2:10  Pylon, Warp Gate  
  22  2:17  Stalker  
  24  2:33  Stalker  
  26  2:42  Probe (Chrono Boost)  
  27  2:48  Stalker  
  29  2:54  Probe (Chrono Boost)  
  29  2:57  Pylon  
  30  3:03  Stalker  
  31  3:05  Probe (Chrono Boost)  
  33  3:16  Forge  
  33  3:17  Probe (Chrono Boost)  
  34  3:29  Probe (Chrono Boost)  
  35  3:41  Probe (Chrono Boost)  
Tags
 
Add a new tag
Caveats
  • Supply blocks, unpowered buildings, or Contaminate may cause inaccurate times.
  • Supply counts are checked every 10 seconds.